 Dungeon Crawl Stone Soup version 0.19-a0-465-g1d1674b (webtiles) character file.

75 Kilingo the Firebug (level 4, -1/26 HPs)
             Began as a Gargoyle Fire Elementalist on June 3, 2016.
             Slain by Crazy Yiuf
             ... wielding a +2 quarterstaff of chaos
              (8 damage)
             ... on level 2 of the Dungeon on June 4, 2016.
             The game lasted 00:18:37 (1371 turns).

Kilingo the Firebug (Gargoyle Fire Elementalist)    Turns: 1371, Time: 00:18:38

Health: -1/26      AC:  5    Str: 15    XL:     4   Next: 31%
Magic:  0/7        EV: 12    Int: 16    God:
Gold:   100        SH:  0    Dex: 10    Spells: 3 memorised, 1 level left

rFire  . . .     SeeInvis .       - Unarmed
rCold  . . .     Gourm    .     a - +0 robe
rNeg   + . .     Faith    .     (no shield)
rPois  ∞         Spirit   .     (no helmet)
rElec  +         Dismiss  .     (no cloak)
rCorr  .         Reflect  .     (no gloves)
SustAt .         Harm     .     (no boots)
MR     .....                    (no amulet)
Stlth  ++........               (no ring)
                                h - +3 ring of strength

@: very slightly contaminated, slowed, very slow, not resistant to hostile
enchantments, unstealthy
A: negative energy resistance 1, electricity resistance, unbreathing,
petrification resistance, rot immunity, AC +3
a: no special abilities


You were on level 2 of the Dungeon.
You were not hungry.

You visited 1 branch of the dungeon, and saw 2 of its levels.

You collected 100 gold pieces.

Inventory:

Armour
 a - a +0 robe (worn)
 o - a +0 ring mail
Jewellery
 h - a +3 ring of strength (left hand)
Scrolls
 d - a scroll of magic mapping {unknown}
 e - a scroll of fear {unknown}
 i - a scroll of remove curse
 j - 2 scrolls of identify
Potions
 g - a potion of flight {unknown}
 k - a potion of degeneration {unknown}
 l - a potion of invisibility {unknown}
Books
 b - a book of Flames

   Spells                             Type                      Level
   a - Flame Tongue                   Conjuration/Fire             1
   b - Throw Flame                    Conjuration/Fire             2
   c - Conjure Flame                  Conjuration/Fire             3
   d - Inner Flame                    Hexes/Fire                   3
   e - Sticky Flame                   Conjuration/Fire             4
   f - Fireball                       Conjuration/Fire             5
Comestibles
 c - 3 bread rations
 f - a chunk of flesh
 m - a meat ration
 n - a slice of pizza


   Skills:
 - Level 2.0 Fighting
 - Level 2.0 Armour
 - Level 1.5 Dodging
 - Level 2.1 Stealth
 - Level 2.2 Unarmed Combat
 - Level 2.0 Spellcasting
 + Level 1.3 Conjurations
 - Level 3.0 Fire Magic


You had one spell level left.
You knew the following spells:

 Your Spells              Type           Power        Failure   Level  Hunger
a - Flame Tongue          Conj/Fire      #....        10%         1    #......
b - Throw Flame           Conj/Fire      #.....       14%         2    ###....
c - Conjure Flame         Conj/Fire      #.......     28%         3    ###....


Dungeon Overview and Level Annotations

Branches:
Dungeon (2/15)

Altars:

Annotations:
D:2 Crazy Yiuf


Innate Abilities, Weirdness & Mutations

You are resistant to torment.
Your stone body is resilient. (AC +3)
You are immune to poison.
You resist negative energy. (rN+)
You are resistant to electric shocks. (rElec)
You can survive without breathing.
You are immune to petrification.
You are immune to rotting.


Message History

The floor.
Casting: Throw Flame
Confirm with . or Enter, or press ? or * to list all spells.
Aiming: Flame Tongue
Press: ? - help, Shift-Dir - straight line, f/p - Crazy Yiuf
Aim: Crazy Yiuf, wielding a quarterstaff of chaos and wearing a cloak The flame tongue misses Crazy Yiuf.
Crazy Yiuf yells, "You!"
Crazy Yiuf cries, "Powder!
Powder hog leg."
Crazy Yiuf hits you with a quarterstaff of chaos!
You feel yourself slow down.
You barely miss Crazy Yiuf. Crazy Yiuf barely misses you.
You hit Crazy Yiuf.
Crazy Yiuf is lightly wounded.
Crazy Yiuf hits you with a quarterstaff of chaos!
Crazy Yiuf freezes you.
* * * LOW HITPOINT WARNING * * *
Crazy Yiuf whimpers, "Leather!
Peeping down head."
Crazy Yiuf hits you with a quarterstaff of chaos!
You die...

#....... #. #.# #.......
#.##.# ###..... # ....#
#..... #. #..# #.....
##.#####..####♣♣ ###
#..... #.....##...)+))♣♣
#..)# #.....
.............)))♣♣♣♣.....#
####.#
...........).)))@♣..♣ #.#
............+)).♣g♣♣♣ #.#
............##♣♣♣♣♣ ####.#
............# #..#.#
.........>..####
#####..#.#
...............###
#......#)#
.................##
#......#.#
#............###..#
#......#.. #...##..##.###
##.## #......##.


You could see Crazy Yiuf.

Vanquished Creatures
  Ijyb (D:2)
  2 adders (D:2)
  2 dart slugs
  2 bats (D:1)
  2 giant cockroaches (D:2)
  4 goblins (D:1)
  3 hobgoblins
  2 jackals (D:1)
  A giant newt (D:2)
  2 kobolds
  6 rats
27 creatures vanquished.

Notes
Turn   | Place    | Note
--------------------------------------------------------------
     0 | D:1      | Kilingo the Gargoyle Fire Elementalist began the quest for the Orb.
     0 | D:1      | Reached XP level 1. HP: 10/10 MP: 3/3
   112 | D:1      | Reached skill level 1 in Armour
   170 | D:1      | Reached skill level 1 in Fighting
   170 | D:1      | Reached XP level 2. HP: 14/16 MP: 3/5
   212 | D:1      | Learned a level 2 spell: Throw Flame
  1079 | D:2      | Reached skill level 1 in Unarmed Combat
  1079 | D:2      | Reached XP level 3. HP: 13/21 MP: 3/6
  1147 | D:2      | Learned a level 3 spell: Conjure Flame
  1229 | D:2      | Noticed Ijyb
  1264 | D:2      | Killed Ijyb
  1264 | D:2      | Reached XP level 4. HP: 24/26 MP: 0/7
  1363 | D:2      | Noticed Crazy Yiuf
  1371 | D:2      | Slain by Crazy Yiuf

Vault maps used:
D:1:      matt_arrival_spirals
D:2:      first_bread, uniq_iyjb, uniq_crazy_yiuf_cottage

Skill      XL: |  1  2  3 |
---------------+----------+-----
Armour         | 1 2 |  2.0
Fighting       | 1 2 |  2.0
Unarmed Combat | 1 2 |  2.2
Dodging        | |  1.5
Stealth        | |  2.1
Spellcasting   | |  2.0
Conjurations   | |  1.3
Fire Magic     | |  3.0

Action                   |  1- 3 |  4- 6 || total
-------------------------+-------+-------++-------
Melee: Unarmed           |    39 |     4 ||    43
 Cast: Flame Tongue      |    37 |     8 ||    45
       Throw Flame       |     8 |       ||     8
  Use: Scroll            |     2 |       ||     2
 Stab: Sleeping          |     6 |       ||     6
       Distracted        |     2 |       ||     2
  Eat: Chunk             |     2 |     1 ||     3
Armor: Robe              |    15 |     1 ||    16
Dodge: Dodged            |    32 |     5 ||    37
